 Dungeon Crawl Stone Soup version 0.18-a0-1577-gf591c28 (webtiles) character file.

1115 M4edhros the Covert (level 8, -3/57 HPs)
             Began as an Octopode Artificer on Mar 22, 2016.
             Slain by an ogre
             ... wielding a +0 giant club
              (26 damage)
             ... on level 4 of the Dungeon.
             The game lasted 00:16:10 (13513 turns).

M4edhros the Covert (Octopode Artificer)           Turns: 13513, Time: 00:16:10

Health: -3/57      AC:  1    Str:  9 (12) XL:     8   Next: 34%
Magic:  10/10      EV: 14    Int: 11 (14) God:    Xom [...*..]
Gold:   202        SH:  0    Dex: 12 (15) Spells: 1 memorised, 4 levels left

rFire  + . .     SeeInvis .     a - +0 short sword
rCold  + + .     Gourm    .     (no shield)
rNeg   . . .     Faith    .     (helmet restricted)
rPois  .         Spirit   .     (no amulet)
rElec  .         Dismiss  .     o - ring of protection from cold
rCorr  .         Reflect  .     w - +2 ring of strength
SustAt .         Harm     .     (no ring)
MR     .....                    (no ring)
Stlth  ++++++....               (no ring)
                                (no ring)
                                (no ring)
                                (no ring)

@: not resistant to hostile enchantments, very stealthy
A: almost no armour, amphibious, 8 rings, constrict 8, antennae 1, tentacle
spike 1, camouflage 1, blurry vision 1, cold resistance 1, deterioration 2, fire
resistance 1, robust 2, wild magic 1, gelatinous body 1
a: Renounce Religion


You were on level 4 of the Dungeon.
You worshipped Xom.
You were a favourite toy of Xom.
You were not hungry.

You visited 2 branches of the dungeon, and saw 6 of its levels.
You also visited: Sewer.

You collected 202 gold pieces.

Inventory:

Hand Weapons
 a - a +0 short sword (weapon)
 e - a +1 short sword of holy wrath
 l - a +0 hunting sling
 s - a +1 short sword of protection
Missiles
 g - 104 stones (quivered)
Rods
 i - a cursed +3 rod of clouds (14/14)
   (Xom gifted it to you in the Ecumenical Temple)
Jewellery
 o - a ring of protection from cold (left tentacle)
 w - a +2 ring of strength (right tentacle)
Wands
 b - a wand of flame (0/48)
 c - a wand of enslavement (15/24)
 d - a wand of random effects (14/48)
 y - a wand of confusion (19/48)
Scrolls
 h - 5 scrolls of remove curse
 j - 3 scrolls of enchant armour {unknown}
 m - 2 scrolls of teleportation
 p - a scroll of enchant weapon {unknown}
 q - a scroll of amnesia {unknown}
 r - 3 scrolls of recharging {unknown}
 x - 4 scrolls of identify {unknown}
 B - a scroll of vulnerability {unknown}
Potions
 k - a potion of agility
 v - 4 potions of flight
 z - a potion of curing
 A - a potion of might
Books
 n - a book of Necromancy

   Spells                             Type                      Level
   a - Pain                           Necromancy                   1
   b - Animate Skeleton               Necromancy                   1
   c - Vampiric Draining              Necromancy                   3
   d - Regeneration                   Charms/Necromancy            3
   e - Animate Dead                   Necromancy                   4
   f - Control Undead                 Necromancy                   4
 u - a book of Death

   Spells                             Type                      Level
   a - Corpse Rot                     Necromancy                   2
   b - Sublimation of Blood           Necromancy                   2
   c - Agony                          Necromancy                   5
   d - Dispel Undead                  Necromancy                   5
   e - Excruciating Wounds            Charms/Necromancy            5
   f - Bolt of Draining               Conjuration/Necromancy       5
Comestibles
 f - 3 bread rations


   Skills:
 - Level 1.0 Fighting
 - Level 1.0 Short Blades
 + Level 4.2 Slings
 + Level 5.2 Dodging
 * Level 9.7 Stealth
 + Level 3.4 Evocations


You had 4 spell levels left.
You knew the following spells:

 Your Spells              Type           Power        Failure   Level  Hunger
a - Regeneration          Chrm/Necr      #.........   96%         3    ####...


Dungeon Overview and Level Annotations

Branches:
Dungeon (5/15)             Temple (1/1) D:4

Altars:
Ashenzari
Cheibriados
Dithmenos
Elyvilon
Fedhas
Gozag
Kikubaaqudgha
Nemelex Xobeh
Okawaru
Pakellas
Ru
Sif Muna
Vehumet
Xom
Yredelemnul
The Shining One

Shops:
D:4 (([

Annotations:
D:4 Uhlv's ghost, amateur GrFi


Innate Abilities, Weirdness & Mutations

You cannot wear most types of armour.
You are amphibious.
You can wear up to eight rings at the same time.
You can use your tentacles to constrict eight enemies at once.
Your skin changes colour to match your surroundings (Stealth).
Your rubbery body absorbs attacks (AC +1).
You have a pair of small antennae on your head.
One of your tentacles bears a spike.
Scrolls take you a little longer to read.
Your flesh is cold resistant.
Your body often deteriorates upon taking damage.
Your flesh is heat resistant.
You are very robust (+20% HP).
Your spells are a little harder to cast, but a little more powerful.


Message History

You feel less confused.
Your quasit bites the ogre.
Your quasit claws the ogre but does no damage.
Your quasit claws the ogre.
The ogre closely misses your quasit.
Uhlv's ghost shrieks, "You must not fail where I succeeded!"
Uhlv's ghost hits you!!
Xom plays with reality for a moment.
The air shimmers briefly around you.
Your quasit bites the ogre.
Your quasit claws the ogre but does no damage.
Your quasit barely misses the ogre.
The ogre barely misses your quasit.
Your quasit barely misses the ogre. x2; Your quasit claws the ogre.
Drink which item? (? for menu, Esc to quit)
Okay, then.
Eat which item? (? for menu, Esc to quit)
Okay, then.
You swap places.
Your quasit disappears in a puff of smoke!
The ogre hits you with a giant club!!
You die...
Xom is highly amused!

.###....#####..##....#.........#
.# #....#####..#........#......#
.###....#.........#####.##.....#
............#.#....####........#
.########..#.#.#.........#.....#
..O.>W....#.#.#.#.#........######
#.######...#.>.#..W........#####.
#.# #..#.#.#.#§##.............
#.#######..#.#.#@.....<......###.
#...#...#...#.#O....##.....<.....
#........................#.#.####
#.###....###....#####....._..#
#.# ##.#.#.....## #......#.######
#.####.#...#.######.##.......÷...
≈...##...........##.##....######.
≈≈.≈#.....).........######## ##
≈_≈≈#.................∩....#


You could see an ogre and Uhlv's ghost.

Vanquished Creatures
  A porcupine (D:5)
  An ice beast (D:5)
  A necrophage (D:4)
  3 ogres
  A giant frog (D:4)
  2 howler monkeys
  A quasit (D:5)
  2 hounds (D:5)
  A wasp zombie (D:5)
  An orc wizard (D:5)
  3 iguanas (D:4)
  3 worker ants
  A howler monkey skeleton (D:4)
  6 adders
  5 oozes (Sewer)
  2 dart slugs (D:1)
  4 worms
  5 giant geckos
  2 orcs (D:5)
  11 giant cockroaches
  5 goblins
  15 hobgoblins
  8 jackals
  A quokka (D:4)
  4 ball pythons
  10 bats
  A giant gecko skeleton (D:3)
  8 giant newts
  A jackal zombie (D:5)
  5 kobolds
  8 rats
122 creatures vanquished.

Vanquished Creatures (others)
  A worker ant (D:5)
  A giant cockroach zombie (D:5)
2 creatures vanquished.

Grand Total: 124 creatures vanquished

Notes
Turn   | Place    | Note
--------------------------------------------------------------
     0 | D:1      | M4edhros the Octopode Artificer began the quest for the Orb.
     0 | D:1      | Reached XP level 1. HP: 13/13 MP: 3/3
    96 | D:1      | Reached skill level 2 in Stealth
    99 | D:1      | Reached XP level 2. HP: 5/18 MP: 4/4
   169 | D:1      | Reached skill level 3 in Stealth
   231 | D:1      | Reached XP level 3. HP: 10/23 MP: 5/5
  1114 | D:2      | Found a shadowy altar of Dithmenos.
  1197 | D:2      | Reached skill level 4 in Stealth
  1243 | D:2      | Reached XP level 4. HP: 23/28 MP: 6/6
  2041 | D:3      | Found a sparkling altar of Nemelex Xobeh.
  2084 | D:4      | Found Zutruwegg's Antique Armour Shop.
  2090 | D:4      | Reached skill level 1 in Slings
  2090 | D:4      | Reached skill level 5 in Stealth
  2090 | D:4      | Reached XP level 5. HP: 23/33 MP: 7/7
  2225 | D:4      | Noticed Uhlv's ghost (amateur GrFi)
  2342 | D:4      | Found an ancient bone altar of Kikubaaqudgha.
  2358 | D:4      | Found a staircase to the Ecumenical Temple.
  2388 | Temple   | Entered the Ecumenical Temple
  2403 | Temple   | Became a worshipper of Xom of Chaos
  2436 | D:4      | Found a blossoming altar of Fedhas.
  2469 | D:4      | Noticed a necrophage
  2471 | D:4      | Found Zokkef's Antique Weapon Boutique.
  2472 | D:4      | XOM: potion effect (brilliance)
  2482 | D:4      | Killed a necrophage
  2482 | D:4      | Reached skill level 6 in Stealth
  2482 | D:4      | Reached XP level 6. HP: 38/38 MP: 8/8
  2625 | D:4      | Reached skill level 7 in Stealth
  2661 | D:4      | Found Xusicepoc's Antique Weapon Shoppe.
  2675 | D:4      | Found a glowing drain.
  2684 | Sewer    | Entered a sewer
  2689 | Sewer    | XOM: harmless Hex miscast
  2981 | Sewer    | XOM: 7-stop teleportation journey
  3319 | Sewer    | XOM: summons 3 hostile demons
  3320 | Sewer    | Noticed a soul eater
  3362 | Sewer    | XOM: stat loss: -1 Int (13/14)
  3563 | Sewer    | Reached XP level 7. HP: 38/43 MP: 9/9
  3752 | D:4      | XOM: harmless Fire miscast
  3758 | D:4      | XOM: harmless Divn miscast
  3760 | D:4      | XOM: noise
  3789 | D:4      | XOM is BORED!
  3789 | D:4      | XOM: give mutation
  3789 | D:4      | Gained mutation: Scrolls take you a little longer to read. [Xom's mischief]
  3849 | Temple   | XOM: divination: magic mapping
  4743 | Temple   | XOM is BORED!
  4743 | Temple   | XOM: give mutations
  4743 | Temple   | Gained mutation: Your magical capacity is low (-10% MP). [Xom's mischief]
  4743 | Temple   | Gained mutation: You are frail (-10% HP). [Xom's mischief]
  4743 | Temple   | Lost mutation: You are frail (-10% HP). [Xom's mischief]
  4743 | Temple   | Gained mutation: Your body sometimes deteriorates upon taking damage. [Xom's mischief]
  5210 | Temple   | XOM: silly message
  5409 | Temple   | XOM: god gift: giant club {god gift}
  5691 | Temple   | XOM: colour smoke trail
  5747 | Temple   | XOM: cast spell 'Dragon Form'
  5883 | Temple   | XOM: cast spell 'Hydra Form'
  6340 | Temple   | XOM: divination: detect creatures
  6416 | Temple   | XOM: cast spell 'Necromutation'
  6447 | D:4      | XOM: enchant monster (bad)
  6477 | D:4      | XOM: confusion (+ monsters)
  6511 | D:4      | XOM: cast spell 'Ring of Flames'
  7377 | Temple   | XOM: give mutations
  7377 | Temple   | Lost mutation: Your magical capacity is low (-10% MP). [Xom's grace]
  7377 | Temple   | Gained mutation: You are robust (+10% HP). [Xom's grace]
  7377 | Temple   | Gained mutation: Your flesh is heat resistant. [Xom's grace]
  7377 | Temple   | Gained mutation: Your spells are a little harder to cast, but a little more powerful. [Xom's grace]
  7760 | Temple   | XOM: 6-stop teleportation journey
  7989 | Temple   | XOM: harmless Ice miscast
  8201 | Temple   | XOM: 1-stop teleportation journey
  8395 | Temple   | XOM is BORED!
  8395 | Temple   | XOM: stat loss: -1 Dex (14/15)
  9022 | Temple   | XOM: god gift: 19 stones
  9580 | Temple   | XOM is BORED!
  9580 | Temple   | XOM: give mutations
  9580 | Temple   | Lost mutation: Your body sometimes deteriorates upon taking damage. [Xom's mischief]
 10228 | Temple   | XOM: god gift: gnarled smoking rod {god gift}
 10330 | Temple   | Identified a +3 rod of clouds (14/14) (Xom gifted it to you in the Ecumenical Temple)
 10365 | Temple   | XOM: give mutations
 10365 | Temple   | Gained mutation: You have a pair of small antennae on your head. [Xom's grace]
 10365 | Temple   | Gained mutation: Your flesh is cold resistant. [Xom's grace]
 10365 | Temple   | Gained mutation: You are very robust (+20% HP). [Xom's grace]
 10685 | Temple   | XOM: god gift: glowing pink potion
 10988 | Temple   | XOM: god gift: chunky paperback book {god gift}
 10994 | Temple   | Learned a level 3 spell: Regeneration
 10998 | D:4      | XOM: summons friendly ynoxinul
 11038 | D:4      | XOM: harmless Pois miscast
 11052 | D:4      | XOM: summons 3 hostile demons
 11062 | D:4      | XOM: 1-stop teleportation journey
 11154 | D:4      | XOM: enchant monster (good)
 11227 | D:4      | XOM: mild Summ miscast
 11297 | D:4      | XOM: divination: magic mapping
 11338 | D:4      | XOM: enchant monster (good)
 11343 | D:4      | XOM: confuse monster(s)
 11346 | D:5      | Entered Level 5 of the Dungeon
 11469 | D:5      | XOM: destruction
 11473 | D:5      | XOM: confuse monster(s)
 11473 | D:5      | XOM: butterfly on damage
 11483 | D:5      | Reached skill level 8 in Stealth
 11562 | D:5      | Found a shimmering altar of Xom.
 11837 | D:5      | XOM: medium Trmt miscast
 11841 | D:5      | Gained mutation: Your body sometimes deteriorates upon taking damage. [potion of mutation]
 11841 | D:5      | Gained mutation: Your body often deteriorates upon taking damage. [potion of mutation]
 11937 | D:5      | Gained mutation: One of your tentacles bears a spike. [mutagenic glow]
 12071 | D:5      | XOM: enchant monster (bad)
 12077 | D:5      | Reached skill level 9 in Stealth
 12077 | D:5      | Reached XP level 8. HP: 35/57 MP: 10/10
 12127 | D:5      | XOM: 2-stop teleportation journey
 12249 | D:5      | XOM: chaos upgrade
 12265 | D:5      | Reached skill level 5 in Dodging
 12684 | D:5      | XOM: 1-stop teleportation journey
 12706 | D:5      | XOM: butterfly on damage
 13171 | D:4      | XOM: medium Chrm miscast
 13202 | D:4      | XOM: summons 8 friendly demons
 13374 | D:4      | XOM: cast spell 'Olgreb's Toxic Radiance'
 13478 | D:4      | XOM: summons 2 friendly demons
 13497 | D:4      | XOM: confusion
 13505 | D:4      | XOM: cast spell 'Dispersal'
 13513 | D:4      | Slain by an ogre

Vault maps used:
D:1:      saegor_arrival_simple_f, minmay_newt_pond
D:2:      old_standard_altar
D:3:      marbit_many_paths
D:4:      lemuel_crystal_altar, minmay_temple_entry_grid, first_bread,
          portal_sewer_entry_d, serial_shops, shop, shop,
          nicolae_shop_statue_plus, minmay_misc_feat_secret_circle,
          fedhas_altar_2
D:5:      grunt_temple_overflow_open, xom_confusion_cloud
Temple:   circular_temple_12
Sewer:    sewer_fruit_machine

Skill      XL: |  1  2  3  4  5  6  7  8 |
---------------+-------------------------+-----
Stealth        | 2 3 4 5 6 7 9 |  9.7
Dodging        | 3 4 5 |  5.2
Slings         | 1 2 3 4 |  4.2
Fighting       | |  1.0
Short Blades   | |  1.0
Evocations     | |  3.4

Action                   |  1- 3 |  4- 6 |  7- 9 || total
-------------------------+-------+-------+-------++-------
Melee: Short sword       |    79 |    83 |    78 ||   240
Throw: Stone             |       |       |     1 ||     1
Evoke: Wand              |     2 |     2 |    12 ||    16
  Use: Scroll            |       |     3 |       ||     3
       Potion            |       |     2 |     8 ||    10
 Stab: Sleeping          |    15 |    17 |     8 ||    40
       Distracted        |       |     1 |     1 ||     2
       Confused          |       |       |     1 ||     1
  Eat: Chunk             |     1 |     7 |     9 ||    17
       Bread ration      |       |       |     3 ||     3
       Meat ration       |       |       |     1 ||     1
       Pizza             |       |       |     1 ||     1
       Beef jerky        |       |       |     1 ||     1
